 Dungeon Crawl Stone Soup version 0.27.0-1-g7a089689b8 (webtiles) character file.

Game seed: 12021852721129234242

10137 snetch the Cleaver (level 11, -2/100 HPs)
             Began as a Minotaur Berserker on Aug 5, 2021.
             Was a High Priest of Trog.
             Slain by a manticore (17 damage)
             ... on level 12 of the Dungeon.
             The game lasted 00:20:16 (10551 turns).

snetch the Cleaver (Minotaur Berserker)            Turns: 10551, Time: 00:20:17

Health: -2/100     AC: 19    Str: 34    XL:     11   Next: 32%
Magic:  10/10      EV: 11    Int: 10    God:    Trog [*****.]
Gold:   636        SH:  0    Dex: 14    Spells: 10/10 levels left

rFire    . . .     SeeInvis .   Q - +0 battleaxe
rCold    + . .     Faith    .   (shield currently unavailable)
rNeg     + . .     Spirit   .   J - +0 chain mail "Relacuihyi" {rPois Str+4}
rPois    +         Reflect  .   (helmet restricted)
rElec    .         Harm     .   V - +1 cloak {rCorr}
rCorr    +         Rampage  .   E - +1 pair of gloves
Will     .....                  A - +1 pair of boots
Stlth    ..........             u - amulet of regeneration
HPRegen  1.26/turn              D - ring of Ocyc {Fly rN+ Str+6 Int+6}
MPRegen  0.12/turn              U - ring "Haeko" {rC+ Dex+3}

@: marked, on berserk cooldown, flying, slowed, very slow
A: horns 2, retaliatory headbutt
a: Renounce Religion, Berserk, Trog's Hand, Brothers in Arms


You were on level 12 of the Dungeon.
You worshipped Trog.
Trog was extremely pleased with you.
You visited 2 branches of the dungeon, and saw 13 of its levels.

You collected 636 gold pieces.

Inventory:

Hand Weapons
 y - a +2 glaive of flaming
 M - a +0 morningstar
 Q - a +0 battleaxe (weapon)
 R - a +2 vampiric trident
Missiles
 e - 454 stones (quivered)
 f - 28 poisoned darts
 i - 137 arrows
 n - 89 sling bullets
 s - 75 bolts
 C - a curare-tipped dart
 N - 14 boomerangs
 W - 3 throwing nets
Armour
 A - a +1 pair of boots (worn)
 E - a +1 pair of gloves (worn)
 J - the +0 chain mail "Relacuihyi" (worn) {rPois Str+4}
   (You found it on level 5 of the Dungeon)

   Str:       It affects your strength (+4).
   rPois:     It protects you from poison.
 V - a +1 cloak of preservation (worn)
Jewellery
 l - a ring of resist corrosion
 o - an amulet of faith
 u - an amulet of regeneration (around neck)
 D - the ring of Ocyc (left hand) {Fly rN+ Str+6 Int+6}
   (You found it on level 11 of the Dungeon)

   [ring of strength]

   Str:       It affects your strength (+6).
   Int:       It affects your intelligence (+6).
   rN:        It protects you from negative energy.
   Fly:       It grants you flight.
 I - a ring of see invisible
 L - a +6 ring of intelligence
 U - the ring "Haeko" (right hand) {rC+ Dex+3}
   (You found it on level 11 of the Dungeon)

   [ring of protection from cold]

   Dex:       It affects your dexterity (+3).
   rC:        It protects you from cold.
 Z - a ring of poison resistance
Wands
 q - a wand of mindburst (20)
 B - a wand of paralysis (10)
Scrolls
 a - 2 scrolls of magic mapping {unknown}
 c - a scroll of amnesia {unknown}
 d - a scroll of fog {unknown}
 g - 9 scrolls of identify {unknown}
 h - 3 scrolls of enchant weapon {unknown}
 m - 3 scrolls of immolation {unknown}
 r - a scroll of noise {unknown}
 v - a scroll of holy word {unknown}
 x - 4 scrolls of teleportation {unknown}
 F - a scroll of summoning {unknown}
 K - 2 scrolls of fear {unknown}
 S - a scroll of silence {unknown}
 T - 2 scrolls of vulnerability {unknown}
 Y - 2 scrolls of enchant armour {unknown}
Potions
 b - a potion of resistance {unknown}
 j - 2 potions of curing
 p - 3 potions of berserk rage {unknown}
 t - 2 potions of lignification {unknown}
 w - a potion of might {unknown}
 z - 3 potions of heal wounds {unknown}
 G - 3 potions of flight {unknown}
 H - 4 potions of haste {unknown}
 O - 2 potions of mutation {unknown}
 P - a potion of degeneration {unknown}


   Skills:
 + Level 10.2 Fighting
 + Level 14.6 Axes
 + Level 2.4(10.1) Maces & Flails
 + Level 1.5 Throwing
 + Level 10.9 Armour
 + Level 4.1 Dodging
 + Level 0.6 Stealth


You had 10 spell levels left.
You didn't know any spells.
Your spell library contained the following spells:

 Spells                   Type           Power      Damage    Failure   Level
 Corona                   Hex            0%         N/A       77%         1
 Magic Dart               Conj           0%         1d3       77%         1
 Ensorcelled Hibernation  Hex/Ice        0%         N/A       88%         2
 Searing Ray              Conj           0%         3d3       88%         2
 Slow                     Hex            0%         N/A       88%         2
 Call Canine Familiar     Summ           0%         N/A       98%         3
 Confusing Touch          Hex            0%         N/A       98%         3
 Inner Flame              Hex/Fire       0%         N/A       98%         3
 Portal Projectile        Hex/Tloc       0%         N/A       98%         3
 Stone Arrow              Conj/Erth      0%         3d7       98%         3
 Tukima's Dance           Hex            0%         N/A       98%         3
 Vampiric Draining        Necr           0%         2d6       98%         3
 Animate Armour           Summ/Erth      0%         N/A       100%        4
 Cause Fear               Hex            0%         N/A       100%        4
 Fulminant Prism          Conj/Hex       0%         3d6       100%        4
 Leda's Liquefaction      Hex/Erth       0%         N/A       100%        4
 Alistair's Intoxication  Tmut/Pois      0%         N/A       100%        5
 Blade Hands              Tmut           0%         N/A       100%        5
 Bolt of Magma            Conj/Fire/Erth 0%         4d4       100%        5
 Borgnjor's Vile Clutch   Necr/Erth      0%         N/A       100%        5
 Eringya's Noxious Bog    Tmut/Pois      0%         N/A       100%        6
 Iron Shot                Conj/Erth      0%         9d1       100%        6
 Discord                  Hex            0%         N/A       100%        8
 Shatter                  Erth           0%         3d5*      100%        9


Dungeon Overview and Level Annotations

Branches:
Dungeon (12/15)            Temple (1/1) D:7            Lair (0/6) D:9
    Orc (0/2) D:10

Altars:
Ashenzari
Cheibriados
Dithmenos
Elyvilon
Fedhas
Gozag
Hepliaklqana
Kikubaaqudgha
Makhleb
Nemelex Xobeh
Okawaru
Qazlal
Ru
Sif Muna
Trog
Uskayaw
Vehumet
Wu Jian
Xom
Yredelemnul
Zin
The Shining One

Shops:
D:8 *

Annotations:
D:9 exclusion: orange crystal statue


Innate Abilities, Weirdness & Mutations

You have a pair of horns on your head.
You reflexively headbutt those who attack you in melee.


Message History

The very large slime creature is almost dead.
You barely miss the slime creature.
Two slime creatures merge to form an enormous slime creature.
A slime creature comes into view.
The slime creature hits you but does no damage.
You hit the enormous slime creature.
You headbutt the enormous slime creature!!
The enormous slime creature is severely wounded.
You barely miss the slime creature.
Two slime creatures merge to form a titanic slime creature.
Unknown command.
The slime creature hits you!
* * * LOW HITPOINT WARNING * * *
You feel a strong urge to attack something.
You feel your anger nearly subside.
You are no longer berserk.
You are exhausted.
You feel yourself slow down.
A manticore comes into view.
Okay, then.
It was a potion of curing.
You feel better. The slime creature hits you!
* * * LOW HITPOINT WARNING * * *
The manticore barely misses you. You furiously retaliate!
You headbutt the manticore!
The manticore claws you but does no damage. x2
Unknown command.
Two slime creatures merge to form a large slime creature.
The manticore misses you.
The manticore claws you but does no damage.
The manticore claws you.
* * * LOW HITPOINT WARNING * * *
The slime creature hits you but does no damage.
The manticore bites you!
* * * LOW HITPOINT WARNING * * *
The manticore claws you but does no damage. x2
The manticore closely misses you.
The manticore claws you but does no damage.
The manticore barely misses you.
You feel better. The slime creature misses you. You furiously retaliate!
You headbutt the slime creature. The manticore bites you!
You die...

# #..#####.# #.
#........#
#..#.J......####
#..J...C.......#
#..####..†.....# ....
#J.......# ....
#J...>...# ...
######HJ......# ..
#.....@.......# .
#.............#
###########.............#
.........................
.........................
..######.................
..# #.......#######...
..# #..###### .. ..# #..#


You could see 3 slime creatures, a manticore and a cyclops.

Vanquished Creatures
  2 two-headed ogres (D:11)
  A manticore (D:10)
  Joseph (D:8)
  A komodo dragon (D:12)
  A troll (D:10)
  2 hornets (D:9)
  A shadow (D:10)
  3 wyverns
  2 basilisks (D:9)
  A wraith (D:9)
  14 yaks
  A steam dragon (D:7)
  An acid dragon (D:12)
  Menkaure (D:6)
  A water moccasin (D:8)
  4 orc warriors
  A sky beast (D:7)
  A black bear (D:7)
  An ogre (D:6)
  3 centaurs
  2 kobold brigands
  3 bullfrogs
  A gnoll sergeant (D:11)
  A water moccasin zombie (D:5)
  4 scorpions
  2 wyvern zombies
  13 killer bees
  3 jellies
  11 wights
  2 howler monkeys (D:12)
  A bullfrog zombie (D:4)
  2 centaur skeletons
  A hound (D:5)
  6 orc priests
  Ijyb (D:3)
  Natasha (twice) (D:4)
  3 iguanas
  7 orc wizards
  A howler monkey zombie (D:9)
  A howler monkey skeleton (D:5)
  9 gnolls
  12 adders
  An adder skeleton (D:4)
  2 worms
  3 dart slugs
  30 orcs
  10 bats
  3 endoplasms
  5 giant cockroaches
  6 goblins
  6 hobgoblins
  14 jackals
  4 quokkas
  5 ball pythons
  6 frilled lizards
  18 kobolds
  8 rats
252 creatures vanquished.

Vanquished Creatures (collateral kills)
  A wight (D:10)
  2 kobolds (D:10)
3 creatures vanquished.

Grand Total: 255 creatures vanquished

Notes
Turn   | Place    | Note
-------+----------+-------------------------------------------
     0 | D:1      | snetch the Minotaur Berserker began the quest for the Orb.
     0 | D:1      | Reached XP level 1. HP: 19/19 MP: 0/0
     8 | D:1      | Found a faded altar of an unknown god.
   146 | D:1      | Reached XP level 2. HP: 27/27 MP: 1/1
   387 | D:1      | Reached skill level 4 in Axes
   457 | D:1      | Reached XP level 3. HP: 34/34 MP: 2/2
   461 | D:1      | Reached ** piety under Trog
   936 | D:2      | Reached skill level 5 in Axes
   936 | D:2      | Reached XP level 4. HP: 12/41 MP: 3/3
  1215 | D:3      | Noticed Ijyb
  1230 | D:3      | Killed Ijyb
  1231 | D:3      | Reached XP level 5. HP: 42/47 MP: 4/4
  1635 | D:2      | Found a glowing golden altar of the Shining One.
  1835 | D:3      | Reached skill level 6 in Axes
  1836 | D:3      | Reached *** piety under Trog
  2368 | D:3      | Reached skill level 5 in Fighting
  2368 | D:3      | Reached XP level 6. HP: 52/56 MP: 5/5
  2817 | D:4      | Reached skill level 7 in Axes
  2951 | D:5      | Entered Level 5 of the Dungeon
  3004 | D:4      | Noticed Natasha
  3010 | D:4      | Killed Natasha
  3011 | D:4      | Reached XP level 7. HP: 61/61 MP: 6/6
  3028 | D:4      | Reached skill level 5 in Armour
  3222 | D:4      | Reached **** piety under Trog
  3334 | D:4      | Noticed Natasha
  3343 | D:4      | Killed Natasha
  4023 | D:5      | Found a bloodstained altar of Trog.
  4172 | D:5      | Identified the +0 chain mail "Relacuihyi" {rPois Str+4}
  4202 | D:5      | Reached skill level 8 in Axes
  4731 | D:6      | Noticed Menkaure
  4738 | D:6      | Killed Menkaure
  4739 | D:6      | Reached skill level 1 in Throwing
  4739 | D:6      | Reached XP level 8. HP: 41/69 MP: 7/7
  4899 | D:6      | Reached skill level 9 in Axes
  4899 | D:6      | Reached skill level 1 in Maces & Flails
  5315 | D:7      | Found a staircase to the Ecumenical Temple.
  5361 | Temple   | Entered the Ecumenical Temple
  5984 | D:7      | Reached skill level 10 in Axes
  6207 | D:7      | Reached XP level 9. HP: 78/78 MP: 8/8
  6659 | D:8      | Noticed Joseph
  6664 | D:8      | Killed Joseph
  6829 | D:8      | Found Pady's Gadget Gallery.
  6970 | D:8      | Reached skill level 11 in Axes
  7758 | D:9      | Noticed an orange crystal statue
  7839 | D:9      | Found a staircase to the Lair.
  7844 | D:9      | Reached skill level 12 in Axes
  7851 | D:9      | Reached XP level 10. HP: 56/88 MP: 9/9
  7917 | D:10     | Entered Level 10 of the Dungeon
  8639 | D:10     | Found a staircase to the Orcish Mines.
  8763 | D:10     | Reached ***** piety under Trog
  8764 | D:10     | Reached skill level 13 in Axes
  8764 | D:10     | Reached skill level 10 in Armour
  9262 | D:10     | Noticed a manticore
  9273 | D:10     | Killed a manticore
  9803 | D:11     | Noticed a two-headed ogre
  9809 | D:11     | Killed a two-headed ogre
  9810 | D:11     | Reached skill level 14 in Axes
  9810 | D:11     | Reached XP level 11. HP: 84/99 MP: 10/10
  9853 | D:11     | Identified the ring of Ocyc {Fly rN+ Str+6 Int+6}
 10012 | D:11     | Noticed a two-headed ogre
 10017 | D:11     | Killed a two-headed ogre
 10065 | D:11     | Reached skill level 10 in Fighting
 10168 | D:11     | Identified the ring "Haeko" {rC+ Dex+3}
 10550 | D:12     | HP: 3/100 [manticore (15)]
 10551 | D:12     | Slain by a manticore

Illustrated notes

Levels and vault maps discovered:
D:1:      dpeg_arrival_more_subterranean_lakeside_camping, layout_rooms,
          ebering_ecumenical_altar_sacrificial, minmay_indecisive_spiral
D:2:      layout_rooms, basic_altar
D:3:      wander_river, layout_loops_ring, minmay_misc_feat_secret_circle,
          amcnicky_mini_rare_corridor_liquid, moated_statue, grunt_ministairs_1,
          minmay_misc_feat_ornament, uniq_ijyb
D:4:      layout_gridville, serial_rivers, chequers_serial_rivers_micro_b,
          chequers_serial_rivers_small_b, chequers_serial_rivers_micro_b,
          chequers_serial_rivers_marsh, chequers_serial_rivers_small_b,
          chequers_serial_rivers_micro_d, minmay_distorted, uniq_natasha
D:5:      layout_cave_pools, kennysheep_little_box
D:6:      layout_basic, feat_on_display, uniq_menkaure
D:7:      layout_layer_cave, minmay_temple_entry_mini_moons
D:8:      layout_basic, nicolae_shop_gadgets, uniq_joseph
D:9:      layout_gridville, david_lair_generic, minmay_protected_statue
D:10:     layout_grid_maze, orc_0_dummy
D:11:     layout_irregular_city
D:12:     cheibrodos_hippocracy, layout_irregular_city
Temple:   compressed_dpeg_triangle_lava_temple

Skill      XL: |  1  2  3  4  5  6  7  8  9 10 11 |
---------------+----------------------------------+-----
Fighting       | 4 5 6 8 9 10 | 10.2
Axes           | 4 5 6 7 8 10 12 14 | 14.6
Armour         | 3 4 6 7 9 10 | 10.9
Dodging        | 3 4 |  4.1
Throwing       | 1 |  1.5
Maces & Flails | 2 |  2.4
Stealth        | |  0.6

Action                   |  1- 3 |  4- 6 |  7- 9 | 10-12 || total
-------------------------+-------+-------+-------+-------++-------
Melee: Hand axe          |    80 |   168 |    75 |       ||   323
       Headbutt          |     7 |    26 |    54 |    35 ||   122
       Morningstar       |       |       |    18 |       ||    18
       Battleaxe         |       |       |   118 |   157 ||   275
Throw: Stone             |    10 |       |     9 |       ||    19
Invok: Berserk           |     1 |     2 |     4 |     5 ||    12
       Trog's Hand       |       |     2 |     2 |     2 ||     6
       Brothers in Arms  |       |       |       |     1 ||     1
  Use: Potion            |       |       |       |     2 ||     2
Armor: Scale mail        |    31 |       |       |       ||    31
       Chain mail        |    18 |    61 |   138 |   130 ||   347
       Plate armour      |       |    40 |    38 |       ||    78
Dodge: Dodged            |    48 |    59 |   147 |   103 ||   357
